 Dungeon Crawl Stone Soup version 0.24-a0-789-g35933f4585 (webtiles) character file.

Game seed: 12144582852079232124, levelgen mode: deterministic

371 Conn the Firebug (level 6, -10/38 HPs)
             Began as an Octopode Fire Elementalist on Oct 10, 2019.
             Mangled by Pikel
             ... wielding a +1 whip of electrocution
              (20 damage)
             ... on level 4 of the Dungeon.
             The game lasted 00:07:52 (2812 turns).

Conn the Firebug (Octopode Fire Elementalist)       Turns: 2812, Time: 00:07:56

Health: -10/38     AC:  8    Str:  7    XL:     6   Next: 70%
Magic:  11/11      EV: 18    Int: 20    God:
Gold:   204        SH:  0    Dex: 19    Spells: 8/12 levels left

rFire    . . .     SeeInvis .   j - +3 trident (protect)
rCold    . . .     Gourm    .   (no shield)
rNeg     . . .     Faith    .   (helmet restricted)
rPois    .         Spirit   .   (no amulet)
rElec    .         Reflect  .   (no ring)
rCorr    .         Harm     .   (no ring)
MR       .....                  (no ring)
Stlth    ++++......             (no ring)
HPRegen  0.12/turn              (no ring)
MPRegen  0.12/turn              (no ring)
                                (no ring)
                                (no ring)

@: agile, protection aura, heavily drained
A: almost no armour, stealthy swim, amphibious, 8 rings, constrict 8, camouflage
1, agile 1, wild magic 2, gelatinous body 1
a: no special abilities


You were on level 4 of the Dungeon.
You were not hungry.

You visited 1 branch of the dungeon, and saw 4 of its levels.

You collected 204 gold pieces.

Inventory:

Hand Weapons
 f - a +0 dagger
 j - a +3 trident of protection (weapon)
 o - a +3 quarterstaff of chaos
 s - a +4 dagger of holy wrath
Scrolls
 c - a scroll of blinking
 d - a scroll of teleportation
 h - a scroll of fear {unknown}
 l - a scroll of enchant weapon {unknown}
 m - a scroll of random uselessness {unknown}
 t - a scroll of remove curse {unknown}
Potions
 i - a potion of lignification
 k - a potion of mutation
 n - a potion of cancellation
 p - a potion of ambrosia
Comestibles
 b - 5 rations
 r - 8 chunks of flesh


   Skills:
 + Level 1.3(0.2) Fighting
 + Level 0.6(0.0) Short Blades
 + Level 2.9(1.7) Polearms
 - Level 2.1(1.0) Dodging
 - Level 2.8(1.6) Stealth
 * Level 3.6(2.5) Spellcasting
 * Level 2.9(1.8) Conjurations
 + Level 4.0(2.8) Fire Magic


You had 8 spell levels left.
You knew the following spells:

 Your Spells              Type           Power        Failure   Level  Hunger
a - Flame Tongue          Conj/Fire      ###..        14%         1    None
b - Conjure Flame         Conj/Fire      ###.....     32%         3    ###....

Your spell library contained the following spells:

 Spells                   Type           Power        Failure   Level  Hunger
 Throw Flame              Conj/Fire      ###...       19%         2    ##.....
 Inner Flame              Hex/Fire       ##......     43%         3    ###....
 Sticky Flame             Conj/Fire      ###.....     67%         4    ####...
 Fireball                 Conj/Fire      ###.......   93%         5    ######.


Dungeon Overview and Level Annotations

Branches:
Dungeon (4/15)
 Temple: D:4-7

Altars:

Annotations:
D:4 Dowan, Duvessa, Edmund, Pikel


Innate Abilities, Weirdness & Mutations

You cannot wear most types of armour.
You are very stealthy in the water. (Stealth+)
You are amphibious.
You can wear up to eight rings at the same time.
You can use your tentacles to constrict eight enemies at once.
Your skin changes colour to match your surroundings (Stealth+).
Your rubbery body absorbs attacks. (AC +1, EV +1)
You are agile. (Dex +2)
Your spells are harder to cast, but more powerful.


Message History

Unknown command.
You hit Edmund but do no damage.
Edmund is heavily wounded.
You constrict Edmund. The slave misses you.
Edmund hits you with a +3 flail of draining.
You feel drained.
Unknown command.
You hit Pikel. You grab Pikel. You squeeze Pikel.
Pikel is lightly wounded.
You constrict Edmund, but do no damage. You constrict Pikel, but do no damage.
Edmund misses you. Pikel completely misses you.
Okay, then.
You hit Pikel but do no damage.
Pikel is lightly wounded.
You constrict Edmund. You constrict Pikel. Edmund misses you.
Pikel hits you with a +1 whip of electrocution.
* * * LOW HITPOINT WARNING * * *
You are electrocuted!!
Ouch! That really hurt!
You die...

.......?# .. ......
.....#### #.
#....## . .....#
##.##.....#..
.....# ....e.......
....?# #
#....p..... ...?..
###. #....p.....
(...o.#
.....####..p)......
......
........#.....K)...
.(#...
.......@#p.........
.....$
.......@Kpp........
........##a........
.........##........
.#####... .....##..
#######.......
..... .....


You could see Edmund, Pikel, 2 slaves and a worker ant.

Vanquished Creatures
  A scorpion (D:3)
  2 hounds (D:4)
  An orc priest (D:3)
  4 orc wizards (D:3)
  Crazy Yiuf (D:2)
  An adder (D:3)
  4 worms
  A dart slug (D:1)
  5 leopard geckos
  3 orcs (D:3)
  4 giant cockroaches
  5 goblins
  6 hobgoblins
  2 jackals (D:3)
  A quokka (D:4)
  2 ball pythons
  8 bats
  4 frilled lizards
  A giant cockroach zombie (D:3)
  8 kobolds
  9 rats
73 creatures vanquished.

Notes
Turn   | Place    | Note
-------+----------+-------------------------------------------
     0 | D:1      | Conn the Octopode Fire Elementalist began the quest for the
                  | Orb.
     0 | D:1      | Reached XP level 1. HP: 11/11 MP: 3/3
   285 | D:1      | Reached XP level 2. HP: 17/17 MP: 3/5
   772 | D:1      | Reached XP level 3. HP: 17/21 MP: 4/6
   777 | D:1      | Learned a level 3 spell: Conjure Flame
  1392 | D:2      | Found a runed translucent door.
  1393 | D:2      | Noticed Crazy Yiuf
  1407 | D:2      | Killed Crazy Yiuf
  1407 | D:2      | Reached XP level 4. HP: 27/27 MP: 1/8
  1673 | D:3      | Reached XP level 5. HP: 15/31 MP: 9/9
  2227 | D:3      | Reached skill level 1 in Polearms
  2230 | D:3      | Reached skill level 4 in Fire Magic
  2232 | D:3      | Reached skill level 1 in Fighting
  2232 | D:3      | Reached XP level 6. HP: 25/38 MP: 9/11
  2791 | D:4      | Noticed Duvessa
  2791 | D:4      | Noticed a slave
  2791 | D:4      | Noticed a slave
  2791 | D:4      | Noticed a slave
  2791 | D:4      | Noticed Pikel
  2791 | D:4      | Noticed a slave
  2792 | D:4      | Noticed Edmund
  2797 | D:4      | Gained mutation: Your spells are a little harder to cast,
                  | but a little more powerful. [potion of mutation]
  2797 | D:4      | Gained mutation: Your spells are harder to cast, but more
                  | powerful. [potion of mutation]
  2797 | D:4      | Gained mutation: You are agile. (Dex +2) [potion of
                  | mutation]
  2807 | D:4      | Noticed Dowan
  2812 | D:4      | Mangled by Pikel

Levels and vault maps discovered:
D:1:      co_arrival_hall_of_pillars, layout_basic, nrook_mini_backslash
D:2:      layout_rooms, uniq_crazy_yiuf_cottage
D:3:      layout_loops_corners, first_ration
D:4:      layout_rooms, nicolae_overflow_crystal_walls, uniq_edmund,
          uniq_menkaure, uniq_duvessa, uniq_pikel

Skill      XL: |  1  2  3  4  5 |
---------------+----------------+-----
Spellcasting   | 3 |  3.6
Conjurations   | 2 |  2.9
Polearms       | 2 |  2.9
Fire Magic     | 4 |  4.0
Fighting       | 1 |  1.3
Short Blades   | |  0.6
Dodging        | |  2.1
Stealth        | |  2.8

Action                   |  1- 3 |  4- 6 || total
-------------------------+-------+-------++-------
Melee: Unarmed           |    16 |       ||    16
       Constrict         |     9 |    21 ||    30
       Tentacles         |     3 |    13 ||    16
       Dagger            |    27 |       ||    27
       Trident           |     5 |   104 ||   109
 Cast: Flame Tongue      |    42 |     5 ||    47
       Conjure Flame     |     1 |       ||     1
  Use: Scroll            |       |     5 ||     5
       Potion            |       |     4 ||     4
 Stab: Sleeping          |     6 |    11 ||    17
  Eat: Chunk             |     2 |     4 ||     6
Armor: Skin              |     8 |    24 ||    32
Dodge: Dodged            |    44 |    78 ||   122

Table legend:
 A = Non-vault XP
 B = Vault XP
 C = Vault XP percentage of total XP
 D = Non-vault monster count
 E = Vault monster count
 F = Vault count percentage of total count
                 A         B        C        D         E       F
            +---------+---------+-------+---------+---------+-------
      Total |     489 |      41 |   7.7 |      72 |       1 |   1.4
            +---------+---------+-------+---------+---------+-------
        D:1 |      34 |       0 |   0.0 |      21 |       0 |   0.0
        D:2 |      28 |      41 |  59.4 |      15 |       1 |   6.2
        D:3 |     324 |       0 |   0.0 |      30 |       0 |   0.0
        D:4 |     103 |       0 |   0.0 |       6 |       0 |   0.0
            +---------+---------+-------+---------+---------+-------
